 Dungeon Crawl Stone Soup version 0.27.1-35-g4d5d836560 (webtiles) character file.

Game seed: 17822808980552825465

18 Delamore the Sneak (level 2, -1/19 HPs)
             Began as an Octopode Brigand on Mar 20, 2022.
             Slain by an adder (5 damage)
             ... on level 2 of the Dungeon.
             The game lasted 00:01:48 (1175 turns).

Delamore the Sneak (Octopode Brigand)               Turns: 1175, Time: 00:01:49

Health: -1/19      AC:  1    Str: 10    XL:     2   Next: 66%
Magic:  2/2        EV: 12    Int: 13    God:
Gold:   75         SH:  0    Dex: 13    Spells: 1/1 levels left

rFire    . . .     SeeInvis .   a - +2 dagger
rCold    . . .     Faith    .   (no shield)
rNeg     . . .     Spirit   .   (helmet restricted)
rPois    .         Reflect  .   (no amulet)
rElec    .         Harm     .   (no ring)
rCorr    .         Rampage  .   (no ring)
Will     .....                  (no ring)
Stlth    ++++......             (no ring)
HPRegen  0.06/turn              (no ring)
MPRegen  0.08/turn              (no ring)
                                (no ring)
                                (no ring)

@: lethally poisoned (-1 -> -7), hasted, very quick
A: almost no armour, amphibious, 8 rings, camouflage 1, gelatinous body 1,
(nimble swimmer 1), tentacles
a: no special abilities


You were on level 2 of the Dungeon.
You visited 1 branch of the dungeon, and saw 3 of its levels.

You collected 75 gold pieces.

Inventory:

Hand Weapons
 a - a +2 dagger (weapon)
Missiles
 b - 8 poisoned darts (quivered)
 c - 2 curare-tipped darts
Scrolls
 d - a scroll of enchant armour
 e - a scroll of noise {unknown}
 g - a scroll of identify {unknown}


   Skills:
 - Level 2.0 Fighting
 + Level 2.4 Short Blades
 - Level 2.0 Throwing
 - Level 1.0 Dodging
 * Level 6.1 Stealth


You had one spell level left.
You didn't know any spells.
Your spell library was empty.

Dungeon Overview and Level Annotations

Branches:
Dungeon (3/15)

Altars:
Cheibriados

Annotations:
D:2 Sigmund
D:3 Robin


Innate Abilities, Weirdness & Mutations

You cannot wear most types of armour.
You are amphibious.
You can wear up to eight rings at the same time.
Your skin changes colour to match your surroundings (Stealth+).
Your rubbery body absorbs attacks. (AC +1, EV +1)
((You are camouflaged near water. (Stealth+)))
You have tentacles for arms and can constrict up to eight enemies at once.


Message History

You are too injured to fight recklessly!
You are too injured to fight recklessly!
You hit the ball python.
You kill the ball python!
You see here a ball python corpse.
There is a stone staircase leading down here.
You start resting.
HP restored.
You open the door.
There is an open door here.
An adder comes into view.
Found 8 stones.
The adder hisses angrily.
You barely miss the adder. Your grab misses the adder. The adder bites you.
You miss the adder. Your grab misses the adder. You squeeze the adder.
The adder is lightly wounded.
The adder bites you.
You are poisoned.
The adder poisons you! The adder barely misses you.
You hit the adder but do no damage. Your grab misses the adder.
The adder is lightly wounded.
You feel sick. The adder bites you.
You are lethally poisoned!
The adder poisons you!
You completely miss the adder. Your grab misses the adder.
The adder is lightly wounded.
You feel sick. The adder bites you.
You are too injured to fight recklessly!
It was a potion of haste.
You feel yourself speed up.
* * * LOW HITPOINT WARNING * * *
You feel sick. The adder closely misses you.
You closely miss the adder. You grab the adder. You constrict the adder.
* * * LOW HITPOINT WARNING * * *
You feel sick. The adder barely misses you.
You barely miss the adder. You squeeze the adder!
The adder is severely wounded.
You constrict the adder, but do no damage.
* * * LOW HITPOINT WARNING * * *
You feel sick. The adder bites you.
You die...

###..........
#.######...
###'#### #
#......#
#......#
#......#
#......#
#......#
#...@..#
###+#S..#
...# ....#..
.(..#.# ###
....#.# #<# #
....#.# #.#
## ....#.#
#.# #. #.#
#.# #.


You could see an adder.

Vanquished Creatures
  3 ball pythons
  A giant cockroach (D:2)
  A goblin (D:1)
  4 hobgoblins
  3 bats (D:1)
  2 frilled lizards
  4 kobolds
18 creatures vanquished.

Notes
Turn   | Place    | Note
-------+----------+-------------------------------------------
     0 | D:1      | Delamore the Octopode Brigand began the quest for the Orb.
     0 | D:1      | Reached XP level 1. HP: 14/14 MP: 1/1
   127 | D:1      | You fall into a shaft and drop 1 floor!
   464 | D:2      | Reached XP level 2. HP: 18/19 MP: 2/2
   549 | D:2      | Noticed Sigmund
   664 | D:1      | Reached skill level 6 in Stealth
   841 | D:1      | Found a faded altar of an unknown god.
   951 | D:2      | You fall into a shaft and drop 1 floor!
   952 | D:3      | Found a snail-covered altar of Cheibriados.
   956 | D:3      | Noticed Robin
  1175 | D:2      | Slain by an adder

Illustrated notes

Levels and vault maps discovered:
D:1:      erik_arrival_cave_to_civilisation [erik_arrival_cave_to_hall],
          layout_rooms, ebering_ecumenical_altar_mist,
          minmay_misc_feat_diagonals
D:2:      kennysheep_big_flooded_room, layout_basic, minmay_crystal_room,
          uniq_sigmund
D:3:      layout_basic, mainiacjoe_overflow_small_starburst, uniq_robin

Skill      XL: |  1  2 |
---------------+-------+-----
Stealth        | 6 |  6.1
Fighting       | |  2.0
Short Blades   | |  2.4
Throwing       | |  2.0
Dodging        | |  1.0

Action                   || total
-------------------------++-------
Melee: Dagger            ||    29
       Constrict         ||     5
       Tentacles         ||     4
  Use: Scroll            ||     1
       Potion            ||     1
 Stab: Sleeping          ||    12
Armor: Skin              ||     2
Dodge: Dodged            ||    23
